 Dungeon Crawl Stone Soup version 0.27-a0-920-gb2bd10914a (webtiles) character file.

Game seed: 90262542284699208

26600 dickylongcocking the Fighter (level 13, -3/102 HPs)
             Began as a Djinni Fire Elementalist on Apr 9, 2021.
             Was an Elder of Makhleb.
             Slain by a white ugly thing (51 damage)
             ... on level 14 of the Dungeon on Apr 10, 2021.
             The game lasted 00:26:18 (17069 turns).

dickylongcocking the Fighter (DjFE)                Turns: 17069, Time: 00:26:19

Health: -3/102     AC: 11    Str:  7    XL:     13   Next: 27%
Gold:   1702       EV: 14    Int: 21    God:    Makhleb [****..] SH:  0 Dex: 15

rFire    + + .     SeeInvis .   Y - +1 triple sword (vamp)
rCold    x . .     Faith    .   (shield currently unavailable)
rNeg     . . .     Spirit   .   D - +0 steam dragon scales
rPois    ∞         Reflect  .   a - +0 helmet
rElec    .         Harm     .   h - scarf {+Inv}
rCorr    .         Rampage  .   E - +0 pair of gloves
Will     +....                  (boots unavailable)
Stlth    +++.......             G - amulet of regeneration
HPRegen  1.27/turn              s - +4 ring of protection
MPRegen  0.00/turn              B - ring of wizardry

@: flying
A: fire resistance 2, cold vulnerability 1, float, innate caster, hp casting,
extra vitality 1
a: Renounce Religion, Evoke Invisibility, Minor Destruction, Lesser Servant of
Makhleb, Major Destruction


You were on level 14 of the Dungeon.
You worshipped Makhleb.
Makhleb was greatly pleased with you.
You visited 2 branches of the dungeon, and saw 15 of its levels.
You also visited: Bailey.

You collected 1702 gold pieces.

Inventory:

Hand Weapons
 b - a +0 mace
 n - a +1 mace of protection
 y - a +4 scimitar of flaming
 K - a +5 quarterstaff of holy wrath
 P - the +10 long sword of the Enchanted Forest {vorpal, Str+2 Dex+4}
   (You took it off an efreet on level 11 of the Dungeon)

   It inflicts extra damage upon your enemies.
   It affects your strength (+2).
   It affects your dexterity (+4).
 S - the +4 rapier "Tucsum" {drain, +Rage MP-9 Int+4}
   (You found it on level 13 of the Dungeon)

   A truly terrible weapon, it drains the life of those it strikes.
   It affects your intelligence (+4).
   It affects your magic capacity (-9).
   It lets you go berserk.
 Y - a +1 vampiric triple sword (weapon)
Missiles
 u - 10 curare-tipped darts
 T - 4 boomerangs of dispersal
 V - a throwing net
Armour
 a - a +0 helmet (worn)
 h - a scarf of invisibility (worn)
 D - +0 steam dragon scales (worn)
 E - a +0 pair of gloves (worn)
 J - +0 pearl dragon scales
Magical Staves
 c - a staff of earth
 m - a staff of air
Jewellery
 o - a ring of ice
 s - a +4 ring of protection (left hand)
 w - a ring of ice
 B - a ring of wizardry (right hand)
 G - an amulet of regeneration (around neck)
Wands
 q - a wand of random effects (29)
 r - a wand of paralysis (13)
 A - a wand of charming (5)
 F - a wand of polymorph (9)
 I - a wand of acid (11)
 U - a wand of flame (44)
 X - a wand of iceblast (11)
Scrolls
 d - 2 scrolls of magic mapping {unknown}
 f - 3 scrolls of silence
 j - 3 scrolls of fog
 p - 3 scrolls of enchant weapon
 x - a scroll of fear {unknown}
 z - a scroll of teleportation
 H - a scroll of immolation
 Q - a scroll of holy word {unknown}
 R - 2 scrolls of enchant armour {unknown}
 W - a scroll of identify
Potions
 e - a potion of haste
 g - 3 potions of mutation
 i - a potion of berserk rage
 k - a potion of might {unknown}
 l - 4 potions of curing
 t - 3 potions of lignification {unknown}
 v - a potion of brilliance {unknown}
 C - 2 potions of resistance
 L - a potion of experience {unknown}
 M - a potion of invisibility
 N - 3 potions of degeneration {unknown}
 O - a potion of heal wounds


   Skills:
 * Level 12.7 Fighting
 - Level 5.7 Long Blades
 - Level 3.7 Maces & Flails
 - Level 5.5 Dodging
 - Level 4.2 Stealth
 * Level 12.5 Spellcasting
 - Level 0.1 Evocations


You had one spell level left.
You knew the following spells:

 Your Spells              Type           Power      Damage    Failure   Level
a - Foxfire               Conj/Fire      100%       2x1d9     1%          1
b - Conjure Flame         Conj/Fire      60%        6-21      1%          3
c - Inner Flame           Hex/Fire       60%        N/A       1%          3
d - Sticky Flame          Conj/Fire      60%        2d8       1%          4
e - Fireball              Conj/Fire      30%        3d13      1%          5
f - Freeze                Ice            100%       1d11      1%          1
g - Corpse Rot            Necr/Air       N/A        N/A       1%          2
h - Lesser Beckoning      Tloc           30%        N/A       1%          3
i - Ice Form              Ice/Tmut       60%        N/A       1%          4
j - Borgnjor's Vile Clut  Necr/Erth      30%        N/A       1%          5
k - Hydra Form            Tmut           30%        N/A       1%          5
Your spell library was empty.

Dungeon Overview and Level Annotations

Branches:
Dungeon (14/15)            Temple (1/1) D:7            Lair (0/6) D:10
    Orc (0/2) D:10         Vaults (0/5) D:13         Bailey (visited)

Altars:
Cheibriados
Dithmenos
Elyvilon
Fedhas
Hepliaklqana
Makhleb
Okawaru
Ru
Sif Muna
Trog
Uskayaw
Vehumet
Wu Jian
Zin
The Shining One

Shops:
D:6 [

Annotations:
D:11 Josephine
D:12 2 transporters, Drazool's ghost, journeyman TrFi


Innate Abilities, Weirdness & Mutations

You are immune to poison.
Your flesh is very heat resistant. (rF++)
You are vulnerable to cold. (rC-)
You float through the air rather than walking.
You learn spells naturally, not from books.
Your magical power is your life essence.
You have superior vitality. (+4 HP)


Message History

The white ugly thing is unaffected.
Zombie hands grab the centaur warrior.
The white ugly thing is unaffected.
The zombie hands constrict the centaur warrior.
The zombie hands constrict the white ugly thing.
The zombie hands constrict the white ugly thing!
The white ugly thing escapes!
The centaur warrior struggles to escape constriction.
Unknown command.
You slash the white ugly thing!
You feel better.
The white ugly thing is heavily wounded.
The zombie hands constrict the centaur warrior!!
The zombie hands constrict the white ugly thing!!
The centaur warrior struggles to escape constriction.
The white ugly thing tail-slaps you. The white ugly thing freezes you!!!
You feel a terrible chill!
The centaur warrior escapes!
The white ugly thing struggles to escape constriction.
The white ugly thing tail-slaps you but does no damage.
You slash the white ugly thing!
The white ugly thing is severely wounded.
The zombie hands constrict the white ugly thing!
The centaur warrior drinks a potion.
The centaur warrior suddenly seems more resistant.
The white ugly thing tail-slaps you but does no damage.
Unknown command.
Casting: Borgnjor's Vile Clutch (mildly dangerous; 1% risk of failure)
Confirm with . or Enter, or press ? or * to list all spells.
Aiming: Borgnjor's Vile Clutch (mildly dangerous; 1% risk of failure)
Press: ? - help, Shift-Dir - straight line, f/p - centaur warrior
Aim: a centaur warrior, quivering arrows (heavily wounded, unusually resistant, 0% to evade) Zombie hands grab the white ugly thing.
Zombie hands grab the centaur warrior.
Zombie hands grab the white ugly thing.
The white ugly thing is unaffected.
The zombie hands constrict the centaur warrior!
The zombie hands constrict the white ugly thing!
The zombie hands constrict the white ugly thing. x2
The white ugly thing tail-slaps you! The white ugly thing freezes you!!!
You feel a terrible chill!
Ouch! That really hurt!
You die...

#.##.###.###.##.#
#.....##.# #.##.#
.....#.#.# #.##.#
###...##.###.##.#
####.###.....##.## #
.........[...#.).###...
####[...(.....[#........
# #.#####...#...###....
# #...........#@ucuu.# #
#.#####...##.####.## #
#.# ######.# # #<# #.# #
#. ..# #.# #.# #.


You could see 3 ugly things and a centaur warrior (resistant, clutched).

Vanquished Creatures
  Rupert (D:14)
  Nessos (D:13)
  A fire dragon (D:11)
  A hydra (D:11)
  A boulder beetle (D:13)
  4 two-headed ogres
  2 centaur warriors (D:13)
  Pikel (D:8)
  2 necromancers (D:13)
  A lindwurm (shapeshifter) (D:13)
  2 orc knights (Bailey)
  An ugly thing (D:13)
  2 manticores
  A deep elf pyromancer (D:14)
  A cyclops (D:14)
  Joseph (D:8)
  Maurice (D:8)
  2 gargoyles
  2 efreet
  2 komodo dragons
  Psyche (D:10)
  3 trolls
  2 hornets
  A shadow (D:10)
  A vampire (D:11)
  Sigmund (D:3)
  5 wraiths
  Grum (D:8)
  20 yaks
  3 steam dragons
  4 vampire mosquitoes (D:13)
  Menkaure (D:7)
  2 acid dragons
  A water moccasin (D:7)
  A sky beast (D:5)
  A black bear (D:5)
  2 ice beasts
  4 orc warriors
  A necrophage (D:3)
  2 ogres
  A wolf (D:8)
  18 centaurs
  3 lemures (D:8)
  2 phantoms
  3 bullfrogs
  4 kobold brigands
  A gnoll sergeant (D:11)
  3 scorpions
  A water moccasin zombie (D:6)
  2 killer bees (D:8)
  A wight (D:8)
  4 howler monkeys
  2 electric eels (D:6)
  2 jellies (D:6)
  A crimson imp (D:4)
  4 orc priests
  3 hounds
  2 centaur skeletons
  2 bullfrog skeletons
  3 iguanas
  10 orc wizards
  2 howler monkey zombies
  5 gnolls (D:11)
  5 adders
  A howler monkey skeleton (D:7)
  A white imp (D:8)
  2 ufetubi
  An adder skeleton (D:5)
  A worm (D:3)
  2 dart slugs
  53 orcs
  7 endoplasms
  6 giant cockroaches
  8 goblins
  8 hobgoblins
  5 jackals
  35 kobolds
  2 quokkas
  8 ball pythons
  6 bats
  A frilled lizard (D:2)
  A goblin skeleton (D:4)
  3 goblin zombies (D:4)
  2 hobgoblin zombies (D:4)
  2 kobold skeletons (D:4)
  A kobold zombie (D:4)
  2 orc skeletons (D:4)
  2 orc zombies (D:4)
  4 rats
335 creatures vanquished.

Vanquished Creatures (collateral kills)
  An efreet (D:13)
  A wolf (D:8)
  A bullfrog (D:8)
  2 orcs (D:8)
5 creatures vanquished.

Vanquished Creatures (others)
  294 foxfires
  9 plants (D:10)
303 creatures vanquished.

Grand Total: 643 creatures vanquished

Notes
Turn   | Place    | Note
-------+----------+-------------------------------------------
     0 | D:1      | dickylongcocking the Djinni Fire Elementalist began the
                  | quest for the Orb.
     0 | D:1      | Reached XP level 1. HP: 15/15 MP: 0/0
   447 | D:1      | Found a faded altar of an unknown god.
   455 | D:1      | Reached XP level 2. HP: 13/21 MP: 0/0
  1462 | D:2      | Reached XP level 3. HP: 24/25 MP: 0/0
  1462 | D:2      | Learned a level 1 spell: Freeze
  2516 | D:3      | Reached skill level 1 in Maces & Flails
  2642 | D:3      | Noticed Sigmund
  2653 | D:3      | Killed Sigmund
  2654 | D:3      | Reached skill level 1 in Fighting
  2654 | D:3      | Reached XP level 4. HP: 23/32 MP: 0/0
  2654 | D:3      | Reached XP level 5. HP: 27/37 MP: 0/0
  2654 | D:3      | Learned a level 2 spell: Corpse Rot
  3484 | D:3      | Reached XP level 6. HP: 40/42 MP: 0/0
  3517 | D:3      | Found a hazy altar of Hepliaklqana.
  3518 | D:3      | Found a sacrificial altar of Ru.
  3518 | D:3      | Found a white marble altar of Elyvilon.
  3519 | D:3      | Found an ornate altar of the Wu Jian Council.
  3614 | D:3      | Noticed a necrophage
  3621 | D:3      | Killed a necrophage
  3748 | D:4      | Found a glowing golden altar of the Shining One.
  4449 | D:4      | Reached XP level 7. HP: 26/47 MP: 0/0
  4449 | D:4      | Learned a level 3 spell: Lesser Beckoning
  5705 | D:5      | Entered Level 5 of the Dungeon
  6166 | D:5      | Reached skill level 5 in Spellcasting
  6166 | D:5      | Reached XP level 8. HP: 49/54 MP: 0/0
  7022 | D:5      | Found a bloodstained altar of Trog.
  7336 | D:6      | Reached skill level 5 in Dodging
  7836 | D:6      | Reached XP level 9. HP: 34/59 MP: 0/0
  7836 | D:6      | Learned a level 4 spell: Ice Form
  8167 | D:6      | Found Viloick's Armour Shop.
  8871 | D:7      | Noticed a +0 hand axe
  8871 | D:7      | Noticed a +0 dagger
  8872 | D:7      | Found a hide-covered altar of Uskayaw.
  9089 | D:7      | Noticed Menkaure
  9094 | D:7      | Killed Menkaure
  9533 | D:7      | Found a staircase to the Ecumenical Temple.
  9542 | Temple   | Entered the Ecumenical Temple
  9569 | Temple   | Became a worshipper of Makhleb the Destroyer
  9689 | D:8      | Reached skill level 5 in Fighting
  9689 | D:8      | Noticed Grum
  9704 | D:8      | Killed Grum
  9708 | D:8      | Reached XP level 10. HP: 33/72 MP: 0/0
  9928 | D:8      | Noticed Joseph
  9945 | D:8      | Killed Joseph
 10116 | D:8      | Noticed Maurice
 10130 | D:8      | Killed Maurice
 10291 | D:8      | Noticed Pikel
 10296 | D:8      | Killed Pikel
 10384 | D:8      | Found a shadowy altar of Dithmenos.
 10876 | D:9      | Reached * piety under Makhleb
 11332 | D:9      | Reached XP level 11. HP: 45/82 MP: 0/0
 11332 | D:9      | Learned a level 5 spell: Borgnjor's Vile Clutch
 11333 | D:9      | Reached skill level 10 in Spellcasting
 11886 | D:10     | Entered Level 10 of the Dungeon
 11935 | D:10     | Noticed a two-headed ogre
 11941 | D:10     | Killed a two-headed ogre
 11964 | D:10     | Noticed Psyche
 11967 | D:10     | Killed Psyche
 11984 | D:10     | Found a staircase to the Lair.
 12068 | D:10     | Reached ** piety under Makhleb
 12095 | D:10     | Found a staircase to the Orcish Mines.
 12586 | D:10     | Noticed a two-headed ogre
 12595 | D:10     | Killed a two-headed ogre
 12596 | D:10     | Reached skill level 10 in Fighting
 12949 | D:11     | Noticed a two-headed ogre
 12949 | D:11     | Noticed Josephine
 13197 | D:11     | Identified the +10 long sword of the Enchanted Forest
                  | {vorpal, Str+2 Dex+4}
 13231 | D:11     | Noticed a two-headed ogre
 13317 | D:10     | Killed a two-headed ogre
 13317 | D:10     | Reached *** piety under Makhleb
 13318 | D:10     | Reached skill level 1 in Long Blades
 13560 | D:11     | Noticed a four-headed hydra
 13665 | D:11     | Killed a two-headed ogre
 13666 | D:11     | Reached XP level 12. HP: 91/94 MP: 0/0
 13991 | D:11     | Killed a four-headed hydra
 14129 | D:11     | Noticed a fire dragon
 14156 | D:11     | Killed a fire dragon
 14726 | D:12     | Found a transporter.
 14726 | D:12     | Noticed a seven-headed hydra
 14726 | D:12     | Noticed Drazool's ghost (journeyman TrFi)
 14726 | D:12     | Noticed a six-headed hydra
 14726 | D:12     | Noticed a two-headed ogre
 14737 | D:12     | Noticed a centaur warrior
 14790 | D:12     | Found a transporter.
 15052 | D:12     | Found a flagged portal.
 15080 | Bailey   | Entered a bailey
 15133 | Bailey   | Reached **** piety under Makhleb
 15801 | D:13     | Noticed a centaur warrior
 15805 | D:13     | Killed a centaur warrior
 16124 | D:13     | Noticed Nessos
 16137 | D:13     | HP: 4/95 [Nessos/arrow (2)]
 16138 | D:13     | Killed Nessos
 16139 | D:13     | Reached skill level 5 in Long Blades
 16443 | D:13     | Identified the +4 rapier "Tucsum" {drain, +Rage MP-9 Int+4}
 16450 | D:13     | Noticed a centaur warrior
 16458 | D:13     | Killed a centaur warrior
 16464 | D:13     | Reached XP level 13. HP: 101/101 MP: 0/0
 16464 | D:13     | Learned a level 5 spell: Hydra Form
 16514 | D:13     | Found a gate to the Vaults.
 17032 | D:14     | Noticed Rupert
 17041 | D:14     | Paralysed by Rupert for 3 turns
 17045 | D:14     | Paralysed by Rupert for 6 turns
 17054 | D:14     | Killed Rupert
 17069 | D:14     | Slain by a white ugly thing

Illustrated notes

Levels and vault maps discovered:
D:1:      saegor_arrival_simple_a, layout_basic, ebering_ecumenical_altar_rust
D:2:      layout_basic, minmay_tromino_v4_c
D:3:      layout_loops_ring, chequers_temple_overflow_statue_of_worship,
          grunt_ministairs_4, minmay_misc_feat_four_crosses, uniq_sigmund
D:4:      layout_basic, vehumet_crystals, nicolae_tso_besieged_by_evil,
          minmay_vboxes
D:5:      layout_cave_pods, trog_book,
          hangedman_abyss_or_decor_jellyfish_corner,
          eino_small_chamber_without_monster, minmay_holes
D:6:      layout_gridville, serial_shops,
          nicolae_shop_temple_entry_statues_fountains, minivault_14
D:7:      layout_loops_ring, dancing_weapons_uskayaw, temple_hall,
          chequers_decorated_corner, uniq_menkaure
D:8:      kennysheep_ambush_hall, layout_gridville, grunt_dithmenos_shadows,
          uniq_pikel, uniq_grum, uniq_maurice, uniq_joseph
D:9:      layout_loops_corners, chequers_serial_rivers_marsh
D:10:     layout_roguey, old_standard_altar, dpeg_oklobed_lair,
          hiddenorc2_lemuel, uniq_psyche
D:11:     hangedman_cross_stitches, layout_loops_ring, kennysheep_just_a_vault,
          uniq_josephine
D:12:     layout_basic, enter_bailey_6, nzn_ghost_randoct
D:13:     layout_loops_ring, david_vaults_1, uniq_nessos
D:14:     layout_loops_ring, gammafunk_ghost_spectres, uniq_rupert, uniq_frances
Temple:   nicolae_temple_hex_pool

Skill      XL: |  1  2  3  4  5  6  7  8  9 10 11 12 |
---------------+-------------------------------------+-----
Spellcasting   | 3 4 5 6 8 9 11 12 | 12.5
Stealth        | 2 3 4 |  4.2
Maces & Flails | 2 3 |  3.7
Fighting       | 1 2 6 8 11 12 | 12.7
Dodging        | 3 4 5 |  5.5
Long Blades    | 2 5 |  5.7
Evocations     | |  0.1

Action                   |  1- 3 |  4- 6 |  7- 9 | 10-12 | 13-15 || total
-------------------------+-------+-------+-------+-------+-------++-------
Melee: Mace              |    48 |    25 |    78 |    14 |       ||   165
       Flail             |       |       |    13 |       |       ||    13
       Quarterstaff      |       |       |       |   149 |       ||   149
       Long sword        |       |       |       |    25 |       ||    25
       Scimitar          |       |       |       |     1 |       ||     1
       Unarmed           |       |       |       |     1 |       ||     1
       Rapier            |       |       |       |       |     9 ||     9
       Triple sword      |       |       |       |       |     2 ||     2
 Cast: Foxfire           |    53 |    30 |    82 |    16 |       ||   181
       Freeze            |       |    14 |    13 |    20 |       ||    47
       Corpse Rot        |       |     1 |       |       |       ||     1
       Sticky Flame      |       |     9 |    27 |    37 |     2 ||    75
       Inner Flame       |       |     1 |    11 |    41 |       ||    53
       Fireball          |       |       |    15 |    92 |     9 ||   116
       Borgnjor's Vile C |       |       |       |    27 |    11 ||    38
       Ice Form          |       |       |       |     2 |       ||     2
       Lesser Beckoning  |       |       |       |     1 |       ||     1
 Abil: End Transformatio |       |       |       |     2 |       ||     2
Evoke: Wand              |       |       |     1 |     1 |       ||     2
  Use: Scroll            |       |       |    14 |    10 |       ||    24
       Potion            |       |       |     1 |     6 |     1 ||     8
 Stab: Sleeping          |     7 |     3 |     3 |     1 |       ||    14
       Distracted        |       |       |     1 |     1 |       ||     2
Armor: Robe              |    16 |    19 |    27 |       |       ||    62
       Steam dragon scal |       |       |    36 |   117 |     5 ||   158
Dodge: Dodged            |    56 |    68 |   159 |   265 |     6 ||   554
       Rpst.: Long sword |       |       |       |     5 |       ||     5

Table legend: (Time is in decaauts)
 A = Elapsed time spent in this place.
 B = Non-inter-level travel time spent in this place.
 C = Inter-level travel time spent in this place.
 D = Time resting spent in this place.
 E = Time spent auto-exploring this place.
 F = Levels seen in this place.
 G = Mean time per level.
                   A        B        C        D        E       F      G
               +--------+--------+--------+--------+--------+-----+--------+
         Total |  17223 |  16646 |    577 |   2477 |  11602 |  16 | 1076.4 |
       Dungeon |  16820 |  16243 |    577 |   2440 |  11417 |  14 | 1201.4 |
        Temple |     39 |     39 |      0 |      0 |     13 |   1 |   39.0 |
        Bailey |    364 |    364 |      0 |     37 |    172 |   1 |  364.0 |
               +--------+--------+--------+--------+--------+-----+--------+

Top non-repeatable levels by time:
     D:3: 1743 daAuts
    D:10: 1578 daAuts
     D:4: 1469 daAuts
     D:5: 1453 daAuts
     D:1: 1375 daAuts
     D:7: 1330 daAuts
     D:9: 1326 daAuts
     D:6: 1317 daAuts
     D:2: 1147 daAuts
    D:13: 1142 daAuts
    D:11: 1113 daAuts
     D:8: 872 daAuts
    D:12: 801 daAuts
  Bailey: 364 daAuts
    D:14: 149 daAuts
